 Dungeon Crawl Stone Soup version 0.30.0-13-g156ef70053 (webtiles) character file.

Game seed: 8216554891913416633

352 hawla the Magician (level 6, -1/32 HPs)
             Began as a Deep Elf Fire Elementalist on May 18, 2023.
             Was an Initiate of Vehumet.
             Slain by a bullfrog skeleton (5 damage)
             ... on level 3 of the Dungeon.
             The game lasted 00:07:27 (3239 turns).

hawla the Magician (Deep Elf Fire Elementalist)     Turns: 3239, Time: 00:07:27

Health: -1/32      AC:  2    Str:  5    XL:     6   Next: 35%
Magic:  10/14      EV: 13    Int: 22    God:    Vehumet [......]
Gold:   116        SH:  5    Dex: 15    Spells: 6/13 levels left

rFire   . . .        k - +1 dagger (venom)
rCold   . . .        (no shield)
rNeg    . . .        a - +0 robe
rPois   .            (no helmet)
rElec   .            (no cloak)
rCorr   .            (no gloves)
SInv    .            (no boots)
Will    .....        j - amulet of reflection
Stlth   ++           (no ring)
HPRegen 0.25/turn    (no ring)
MPRegen 0.14/turn

%: reflection
@: very slightly contaminated
A: no striking features
a: Renounce Religion


You were on level 3 of the Dungeon.
You worshipped Vehumet.
Vehumet was noncommittal.
You visited 1 branch of the dungeon, and saw 3 of its levels.

You collected 116 gold pieces.

Inventory:

Hand Weapons
 k - a +1 dagger of venom (weapon)
 n - a +3 short sword
Missiles
 d - 5 poisoned darts (quivered)
Armour
 a - a +0 robe (worn)
Jewellery
 g - a ring of fire
 j - an amulet of reflection (around neck)
 u - an amulet of magic regeneration
Wands
 f - a wand of digging (4)
Scrolls
 e - a scroll of vulnerability {unknown}
 o - 4 scrolls of identify {unknown}
 q - a scroll of summoning {unknown}
 r - a scroll of blinking {unknown}
 s - a scroll of torment {unknown}
Potions
 c - 2 potions of curing
 h - a potion of heal wounds {unknown}
 i - a potion of mutation {unknown}
 l - a potion of might {unknown}
 m - 2 potions of degeneration {unknown}
 p - a potion of lignification {unknown}
 t - a potion of haste {unknown}


   Skills:
 + Level 3.6 Throwing
 - Level 2.9 Dodging
 - Level 2.6 Stealth
 - Level 4.2 Spellcasting
 - Level 4.1 Conjurations
 - Level 4.1 Fire Magic


You had 6 spell levels left.
You knew the following spells:

 Your Spells              Type           Power      Damage    Failure   Level
a - Foxfire               Conj/Fire      88%        2x1d8     1%          1
b - Scorch                Fire           44%        2d7       3%          2
c - Flame Wave            Conj/Fire      22%        2d8       21%         4

Your spell library contained the following spells:

 Spells                   Type           Power      Damage    Failure   Level
 Inner Flame              Hex/Fire       13%        N/A       14%         3
 Volatile Blastmotes      Fire/Tloc      26%        2d12      14%         3
 Lesser Beckoning         Tloc           8%         N/A       17%         2
 Gell's Gravitas          Tloc           4%         N/A       32%         3
 Teleport Other           Tloc           4%         N/A       32%         3


Dungeon Overview and Level Annotations

Branches:
Dungeon (3/15)

Altars:
Nemelex Xobeh
Vehumet

Annotations:
D:3 NotreDorf's ghost, amateur MfGl


Message History

Press: ? - help, Dir - look around, f - activate You miscast Flame Wave.
You are very lightly contaminated with residual magic.
Nothing appears to happen.
The centaur skeleton misses you.
The centaur skeleton closely misses you.
The bullfrog zombie hits you but does no damage.
The centaur skeleton barely misses you. The centaur skeleton misses you.
The bullfrog zombie hits you. NotreDorf's ghost closely misses you.
The centaur skeleton hits you.
The centaur skeleton closely misses you.
The bullfrog zombie hits you. NotreDorf's ghost hits you.
Magic courses through your body. The centaur skeleton hits you.
The centaur skeleton kicks you. You block the bullfrog zombie's attack.
NotreDorf's ghost closely misses you.
Casting: Flame Wave (extremely dangerous; 21% risk of failure)
Confirm with . or Enter, or press ? or * to list all spells.
The spell is extremely dangerous to miscast (21% risk of failure)!
Continue anyway?
Casting: Flame Wave (extremely dangerous; 21% risk of failure)
Press: ? - help, Dir - look around, f - activate A wave of flame ripples out!
The flame wave engulfs the bullfrog zombie!
You destroy the bullfrog zombie!
Vehumet accepts your kill.
The flame wave engulfs the centaur skeleton!
You destroy the centaur skeleton!
Vehumet accepts your kill.
The flame wave engulfs NotreDorf's ghost!
NotreDorf's ghost is heavily damaged. (Press . to intensify the flame waves.)
The bullfrog skeleton hits you.
* * * LOW HITPOINT WARNING * * *
NotreDorf's ghost hits you.
* * * LOW HITPOINT WARNING * * *
A wave of flame ripples out!
The flame wave engulfs the bullfrog skeleton.
The bullfrog skeleton is lightly damaged.
The flame wave engulfs NotreDorf's ghost!
NotreDorf's ghost is severely damaged.
The bullfrog skeleton hits you.
You die...

# #.##.#################.#..#
######†##.# #.#..#
....##.##.# #.#..##
###.##....# #.#.#.# #.#######
#..###. #.# *#####*# #...#..
#.# ####.#.#.# #.#..## #.#
#..#.....# #...## #.#
##.@Z....## #..## #.#
##...W...!.# #..#### #.#
#....'...$## #.....# ###.#
#.#..#.....# #..##.# ....#
##.####.#.#.# #..##..
############...#*#####*#
#..##.. #
#........#.############..##..
#
#.######.............##..##..
# #.# #############.##..##..


You could see NotreDorf's ghost and a bullfrog skeleton.

Vanquished Creatures
  Grinder (D:3)
  A bullfrog zombie (D:3)
  A centaur skeleton (D:3)
  A howler monkey skeleton (D:3)
  5 adders
  A dart slug (D:1)
  An orc (D:2)
  4 ball pythons
  3 endoplasms
  4 giant cockroaches
  8 goblins
  5 hobgoblins
  5 quokkas
  4 bats
  3 frilled lizards
  6 kobolds
  3 rats
56 creatures vanquished.

Vanquished Creatures (collateral kills)
  6 foxfires (D:1)
6 creatures vanquished.

Vanquished Creatures (others)
  98 foxfires
98 creatures vanquished.

Grand Total: 160 creatures vanquished

Notes
Turn   | Place    | Note
-------+----------+-------------------------------------------
     0 | D:1      | hawla the Deep Elf Fire Elementalist began the quest for
                  | the Orb.
     0 | D:1      | Reached XP level 1. HP: 10/10 MP: 6/6
   251 | D:1      | Reached XP level 2. HP: 15/15 MP: 4/8
  1279 | D:2      | Reached XP level 3. HP: 19/19 MP: 3/10
  1282 | D:2      | Learned a level 2 spell: Scorch
  1540 | D:2      | Found a faded altar of an unknown god.
  2292 | D:3      | Reached XP level 4. HP: 24/24 MP: 8/12
  2330 | D:3      | Learned a level 4 spell: Flame Wave
  2752 | D:3      | Found a runed translucent gate.
  2752 | D:3      | Found a runed translucent gate.
  2752 | D:3      | Found a runed translucent gate.
  2755 | D:3      | Noticed NotreDorf's ghost (amateur MfGl)
  2817 | D:3      | Noticed Grinder
  2848 | D:3      | Killed Grinder
  2849 | D:3      | Reached XP level 5. HP: 14/28 MP: 0/13
  2849 | D:3      | Reached XP level 6. HP: 17/32 MP: 0/14
  3181 | D:3      | Found a radiant altar of Vehumet.
  3181 | D:3      | Found a sparkling altar of Nemelex Xobeh.
  3185 | D:3      | Became a worshipper of Vehumet
  3239 | D:3      | Slain by a bullfrog skeleton

Illustrated notes

Levels and vault maps discovered:
D:1:      minmay_arrival_four_loops, layout_loops_ring, serial_forest,
          infiniplex_forest_straight_2, infiniplex_forest_clump_curved,
          infiniplex_forest_zigzag_1, infiniplex_forest_clump_long,
          infiniplex_forest_corner_1, infiniplex_forest_clump_medium,
          infiniplex_forest_straight_3, infiniplex_forest_corner_1
D:2:      layout_basic, chequers_ecumenical_altar_grove,
          small_statue_intersection
D:3:      layout_loops_ring, gammafunk_temple_overflow_wave,
          gammafunk_ghost_necromancy, uniq_grinder

Skill      XL: |  1  2  3  4  5  6 |
---------------+-------------------+-----
Fire Magic     | 4 |  4.1
Spellcasting   | 4 |  4.2
Conjurations   | 4 |  4.1
Throwing       | 2 3 |  3.6
Dodging        | |  2.9
Stealth        | |  2.6

Action                     |  1- 3 |  4- 6 || total
---------------------------+-------+-------++-------
  Melee: Unarmed           |    21 |       ||    21
         Dagger            |    15 |    34 ||    49
         Punch             |     1 |     2 ||     3
  Throw: Dart              |       |     1 ||     1
   Cast: Foxfire           |    54 |     6 ||    60
         Scorch            |     5 |     8 ||    13
         Flame Wave        |       |     4 ||     4
    Use: Scroll            |     4 |       ||     4
         Potion            |       |     4 ||     4
   Stab: Sleeping          |     2 |     1 ||     3
 Armour: Robe              |     4 |     5 ||     9
  Dodge: Dodged            |    34 |    35 ||    69
  Block: Other             |     1 |    13 ||    14
